AoeStats
← 米德维奇小学副校长

Arabia

510428193Analyzed
1v1 RM · 13h ago on Oct 1, 2026· 29m 57s· 2 players
Game mode
Random Map
Map size
Tiny (2 player)
Population
200
Speed
Normal
Resources
Standard
Victory
Conquest
Starting age
Dark Age
Ending age
Imperial Age
RankedLock teamsTeams togetherTeam positionsShared explorationLock speedFull tech treeHidden civsTurbo modeCheats
Victory
Defeat
🇺🇸 Hindustanis · United States
1128
+15
1116
-15
米德维奇小学副校长
10:31 Feudal Age
9:24 Loom
12:27 Loom
15:21 Castle Age
13:49 Double-Bit Axe
18:10 Wheelbarrow
17:47 Bow Saw
24:55 Hand Cart
RaringBerry2468
6:36 Loom
8:56 Feudal Age
9:39 Double-Bit Axe
13:13 Town Watch
14:58 Gold Mining
18:43 Castle Age
17:18 Scale Mail Armor
17:28 Forging
17:24 Fletching
18:52 Padded Archer Armor
19:44 Bodkin Arrow
22:25 Leather Archer Armor
24:48 Husbandry
28:21 Wheelbarrow
Connection lost

Rejoining the realm…

Still unreachable

The connection could not be restored.

Session expired

The server has moved on; the page needs a fresh start.